 Dungeon Crawl Stone Soup version 0.29-a0-121-g8efb068a30 (webtiles) character file.

Game seed: 11388400408528732747

5684 Ordine the Thaumaturge (level 10, 0/59 HPs)
             Began as a Deep Elf Conjurer on Feb 20, 2022.
             Was a Believer of Vehumet.
             Shot with an arrow by a centaur (7 damage)
             ... on level 9 of the Dungeon.
             The game lasted 00:42:55 (13317 turns).

Ordine the Thaumaturge (Deep Elf Conjurer)         Turns: 13317, Time: 00:42:55

Health: 0/59       AC:  9    Str:  4    XL:     10   Next: 47%
Magic:  24/24      EV:  8    Int: 33    God:    Vehumet [**....]
Gold:   549        SH:  0    Dex: 13    Spells: 15/26 levels left

rFire   . . .      SeeInvis +   M - +0 dagger (elec)
rCold   . . .      Faith    .   (no shield)
rNeg    . . .      Spirit   .   G - +0 steam dragon scales
rPois   .          Reflect  .   z - +0 helmet
rElec   .          Harm     .   J - +0 cloak
rCorr   +          Rampage  .   K - +1 pair of gloves of Uhasi {Int+5 Slay+2 SInv}
Will    +....                   (no boots)
Stlth   ++++......              (no amulet)
HPRegen 0.19/turn               y - ring of resist corrosion
MPRegen 0.19/turn               N - ring of wizardry

@: lethally poisoned (0 -> -24), marked, held, hasted, very quick
A: no striking features
a: Renounce Religion


You were on level 9 of the Dungeon.
You worshipped Vehumet.
Vehumet was pleased with you.
You visited 2 branches of the dungeon, and saw 10 of its levels.

You collected 549 gold pieces.

Inventory:

Hand Weapons
 s - the +8 spear of Wrath {vorpal, Contam Str+6}
   (You found it on level 2 of the Dungeon)

   It inflicts extra damage upon your enemies.
   Str:       It affects your strength (+6).
   Contam:    It causes magical contamination when unequipped.
 M - a +0 dagger of electrocution (weapon)
Armour
 o - the +1 ring mail "Taghuesy" {Will- Str+7}
   (You found it on level 6 of the Dungeon)

   Str:       It affects your strength (+7).
   Will:      It decreases your willpower.
 z - a +0 helmet (worn)
 C - the +7 Kryia's mail coat {PotionHeal*2 rC+}
   (You found it on level 5 of the Dungeon)

   Potions are twice as effective at healing its wearer.
   rC:        It protects you from cold.
 G - +0 steam dragon scales (worn)
 J - a +0 cloak (worn)
 K - the +1 pair of gloves of Uhasi (worn) {Int+5 Slay+2 SInv}
   (You found it on level 7 of the Dungeon)

   Int:       It affects your intelligence (+5).
   Slay:      It affects your accuracy & damage with ranged weapons and melee
   (+2).
   SInv:      It lets you see invisible.
Magical Staves
 c - a staff of fire
Jewellery
 h - an amulet of guardian spirit
 y - a ring of resist corrosion (left hand)
 N - a ring of wizardry (right hand)
Wands
 t - a wand of paralysis (6)
 H - a wand of digging (13)
Scrolls
 a - 2 scrolls of enchant armour {unknown}
 b - 3 scrolls of vulnerability {unknown}
 e - a scroll of amnesia {unknown}
 i - 2 scrolls of enchant weapon {unknown}
 j - a scroll of fear {unknown}
 l - a scroll of acquirement {unknown}
 m - 2 scrolls of teleportation
 q - a scroll of fog {unknown}
 r - a scroll of holy word {unknown}
 x - a scroll of noise {unknown}
 A - a scroll of brand weapon {unknown}
 D - 2 scrolls of immolation {unknown}
Potions
 d - a potion of flight
 f - 4 potions of mutation
 g - a potion of berserk rage
 k - a potion of resistance
 n - a potion of haste
 p - a potion of might
 v - a potion of lignification {unknown}
 w - 3 potions of degeneration {unknown}
 B - a potion of attraction
 E - a potion of cancellation {unknown}
 F - a potion of brilliance {unknown}
 I - 2 potions of ambrosia {unknown}


   Skills:
 + Level 5.2 Fighting
 + Level 8.2 Dodging
 + Level 8.7 Stealth
 + Level 8.9 Spellcasting
 + Level 8.5 Conjurations
 + Level 4.2 Fire Magic
 - Level 5.0 Evocations


You had 15 spell levels left.
You knew the following spells:

 Your Spells              Type           Power      Damage    Failure   Level
a - Magic Dart            Conj           100%       1d8       1%          1
b - Searing Ray           Conj           100%       2d8       1%          2
c - Iskenderun's Mystic   Conj/Tloc      42%        2d10      2%          4
d - Fulminant Prism       Conj/Hex       21%        3d13      2%          4

Your spell library contained the following spells:

 Spells                   Type           Power      Damage    Failure   Level
 Poisonous Vapours        Pois/Air       28%        N/A       1%          2
 Apportation              Tloc           28%        N/A       1%          1
 Sandblast                Erth           28%        2d8       1%          1
 Ensorcelled Hibernation  Hex/Ice        28%        N/A       1%          2
 Passwall                 Tmut/Erth      11%        N/A       1%          2
 Dazzling Flash           Conj/Hex       84%        N/A       1%          3
 Stone Arrow              Conj/Erth      84%        3d12      1%          3
 Call Canine Familiar     Summ           14%        N/A       4%          3
 Frozen Ramparts          Ice            28%        1d4       4%          3
 Portal Projectile        Hex/Tloc       28%        N/A       4%          3
 Spider Form              Tmut/Pois      14%        N/A       4%          3
 Anguish                  Hex/Necr       7%         N/A       13%         4
 Animate Armour           Summ/Erth      28%        N/A       13%         4
 Ice Form                 Ice/Tmut       14%        N/A       13%         4
 Leda's Liquefaction      Hex/Erth       7%         N/A       13%         4
 Summon Ice Beast         Ice/Summ       14%        N/A       13%         4
 Alistair's Intoxication  Tmut/Pois      9%         N/A       32%         5
 Lehudib's Crystal Spear  Conj/Erth      21%        10d6      100%        8
 Chain Lightning          Conj/Air       21%        3d28      100%        9
 Fire Storm               Conj/Fire      27%        8d7       100%        9
 Shatter                  Erth           7%         3d9*      100%        9


Dungeon Overview and Level Annotations

Branches:
Dungeon (9/15)             Temple (1/1) D:5             Orc (0/2) D:9
   Lair: D:8-11

Altars:
Ashenzari
Cheibriados
Dithmenos
Elyvilon
Fedhas
Gozag
Hepliaklqana
Kikubaaqudgha
Makhleb
Nemelex Xobeh
Okawaru
Qazlal
Ru
Trog
Uskayaw
Vehumet
Wu Jian
Xom
Yredelemnul
Zin
The Shining One

Shops:
D:9 [*

Portals:
Abyss: D:8

Annotations:
D:7 2 transporters, Cab's ghost, novice DsFi
D:8 2 transporters, mfcas's ghost, novice DjCj
D:9 exclusion: 3 death yaks, Harold


Message History

The centaur shouts!
The centaur wields a +0 shortbow.
The centaur shoots an arrow.
The arrow hits you. As you open the door, it creaks loudly!
You hear a bellow!
The centaur shoots an arrow.
The arrow completely misses you.
The centaur shoots an arrow.
The arrow misses you.
There is an open door here.
The centaur shoots an arrow.
The arrow hits you!
The centaur shoots an arrow.
The arrow barely misses you.
The centaur shoots an arrow.
The arrow hits you.
The centaur shoots an arrow.
The arrow hits you!
The centaur shoots an arrow.
The arrow hits you!
Harold shouts!
The centaur shoots an arrow.
The arrow hits you.
You feel yourself speed up.
The centaur shoots an arrow.
The arrow misses you.
The centaur shoots an arrow.
The arrow closely misses you.
Harold throws a throwing net.
The throwing net hits you.
You become entangled in the net!
You struggle against the net.
You struggle against the net.
The centaur shoots an arrow.
The arrow hits you.
* * * LOW HITPOINT WARNING * * *
You feel much better.
You struggle against the net.
The centaur shoots an arrow.
The arrow hits you!
You rip the net and break free!
Harold gestures at you while chanting. A sentinel's mark forms upon you.
The centaur shoots an arrow.
The arrow barely misses you.
The centaur shoots an arrow.
The arrow hits you.
Harold throws a throwing net.
The throwing net hits you.
You become entangled in the net!
You see here a throwing net.
You struggle against the net.
The centaur shoots an arrow.
The arrow hits you!
You struggle against the net.
The centaur shoots an arrow.
The arrow completely misses you.
You struggle against the net.
Harold hits you with a +4 short sword of venom!
* * * LOW HITPOINT WARNING * * *
You are lethally poisoned!
The centaur shoots an arrow.
The arrow hits you!
You die...

#.# #....#.#..# ##'##
##........# ##...##
#.######## ##...c.##
#.###.## ##.......##
#.(#.#.##
#.........####.....#.####
+.........+......).).)...
#.........####...#>######
##.....@@## ##.##.#
##..<...># ####.#
.....[......# #.#
######..#...#### #.#
#.........# #.#
...........# #.#
.##......... #.........
........##


You could see Harold and a centaur.

Vanquished Creatures
  Maggie (D:6)
  2 trolls
  A hornet (D:9)
  Grinder (D:3)
  A wyvern (D:7)
  3 yaks (D:9)
  Edmund (D:6)
  5 steam dragons
  2 water moccasins (D:8)
  3 orc warriors
  2 sky beasts
  An ice beast (D:5)
  4 black bears
  An ogre (D:5)
  A necrophage (D:4)
  2 phantoms
  2 kobold brigands
  Blork the orc (D:6)
  3 bullfrogs
  A scorpion (D:7)
  A water moccasin zombie (D:5)
  A bullfrog zombie (D:5)
  2 hounds (D:7)
  3 centaur zombies
  A jelly (D:7)
  7 orc priests
  2 gnoll shamans
  A centaur skeleton (D:6)
  Jessica (D:3)
  Natasha (thrice) (D:3)
  3 iguanas
  Terence (D:3)
  11 orc wizards
  A hound skeleton (D:4)
  2 howler monkey zombies
  Robin (D:4)
  12 gnolls
  A howler monkey skeleton (D:4)
  2 adders (D:4)
  A white imp (D:7)
  An adder skeleton (D:4)
  A worm (D:2)
  3 dart slugs
  18 orcs
  5 endoplasms
  4 giant cockroaches
  21 goblins
  6 hobgoblins
  4 quokkas
  7 ball pythons
  3 bats
  3 frilled lizards
  14 kobolds
  A rat (D:3)
186 creatures vanquished.

Vanquished Creatures (others)
  A fulminant prism (D:9)
1 creature vanquished.

Grand Total: 187 creatures vanquished

Notes
Turn   | Place    | Note
-------+----------+-------------------------------------------
     0 | D:1      | Ordine the Deep Elf Conjurer began the quest for the Orb.
     0 | D:1      | Reached XP level 1. HP: 10/10 MP: 6/6
   230 | D:1      | Reached XP level 2. HP: 15/15 MP: 4/8
   233 | D:1      | Learned a level 2 spell: Searing Ray
  1059 | D:2      | Reached skill level 1 in Evocations
  1179 | D:2      | Reached XP level 3. HP: 20/20 MP: 6/9
  1239 | D:2      | Found a faded altar of an unknown god.
  1243 | D:2      | Identified the +8 spear of Wrath {vorpal, Contam Str+6}
  1645 | D:3      | Noticed Jessica
  1647 | D:3      | Killed Jessica
  1654 | D:3      | Noticed Terence
  1656 | D:3      | Reached skill level 1 in Fighting
  1656 | D:3      | Reached XP level 4. HP: 25/25 MP: 1/11
  1713 | D:3      | Learned a level 4 spell: Iskenderun's Mystic Blast
  1774 | D:3      | Noticed Natasha
  1779 | D:3      | Killed Natasha
  1811 | D:3      | Noticed Natasha
  1816 | D:3      | Killed Natasha
  1926 | D:3      | Noticed Natasha
  1931 | D:3      | Killed Natasha
  1932 | D:3      | Reached skill level 5 in Conjurations
  1932 | D:3      | Reached XP level 5. HP: 29/29 MP: 7/12
  2578 | D:3      | Noticed Grinder
  2583 | D:3      | Killed Grinder
  2584 | D:3      | Reached XP level 6. HP: 23/35 MP: 6/14
  3181 | D:3      | Killed Terence
  3611 | D:4      | Noticed an orc warrior
  3713 | D:4      | Noticed Robin
  3725 | D:4      | Killed Robin
  3726 | D:4      | Reached XP level 7. HP: 24/40 MP: 3/16
  4361 | D:4      | Reached skill level 5 in Spellcasting
  4536 | D:5      | Entered Level 5 of the Dungeon
  4609 | D:5      | Found a staircase to the Ecumenical Temple.
  4618 | Temple   | Entered the Ecumenical Temple
  4631 | Temple   | Became a worshipper of Vehumet
  5235 | D:5      | Reached skill level 5 in Stealth
  5463 | D:5      | Reached skill level 5 in Dodging
  5600 | D:5      | Reached XP level 8. HP: 39/45 MP: 5/18
  5687 | D:5      | Found the +7 Kryia's mail coat {PotionHeal*2 rC+}
  6633 | D:6      | Noticed Blork the orc
  6638 | D:6      | Killed Blork the orc
  7119 | D:6      | Noticed a troll
  7462 | D:6      | Noticed Edmund
  7462 | D:6      | Noticed Maggie
  7563 | D:6      | HP: 1/46 [poisoned by a kobold brigand (curare-tipped
                  | dart)]
  8262 | D:6      | Killed Edmund
  8263 | D:6      | Reached XP level 9. HP: 30/52 MP: 6/21
  8629 | D:6      | Learned a level 4 spell: Fulminant Prism
  8640 | D:6      | Killed a troll
  8641 | D:6      | Reached skill level 5 in Evocations
  9023 | D:6      | Identified the +1 ring mail "Taghuesy" {Will- Str+7}
  9301 | D:7      | Found a transporter.
  9301 | D:7      | Found a transporter.
  9427 | D:4      | Reached skill level 1 in Fire Magic
  9556 | D:6      | Killed Maggie
  9733 | D:7      | Reached * piety under Vehumet
  9733 | D:7      | Offered knowledge of Foxfire by Vehumet.
  9914 | D:7      | Noticed a cyclops
  9920 | D:7      | Noticed Cab's ghost (novice DsFi)
  9922 | D:7      | Noticed a death knight
 10145 | D:7      | Noticed a deep elf pyromancer
 10368 | D:7      | Identified the +1 pair of gloves of Uhasi {Int+5 Slay+2
                  | SInv}
 10831 | D:8      | Found a transporter.
 10836 | D:8      | Found a transporter.
 11040 | D:8      | Reached XP level 10. HP: 56/58 MP: 17/24
 11744 | D:8      | Found a one-way gate to the infinite horrors of the Abyss.
 11744 | D:8      | Noticed mfcas's ghost (novice DjCj)
 11771 | D:9      | Noticed Harold
 11875 | D:9      | Found a staircase to the Orcish Mines.
 12249 | D:9      | Reached skill level 5 in Fighting
 12254 | D:9      | Offered knowledge of Poisonous Vapours by Vehumet.
 12415 | D:9      | Paralysed by a hornet for 3 turns
 12420 | D:9      | Reached ** piety under Vehumet
 12912 | D:9      | Noticed a death yak
 13135 | D:9      | Noticed a death yak
 13273 | D:9      | Found Plog's Overcharged Wands.
 13281 | D:9      | Noticed a death yak
 13293 | D:9      | Found Lotil's Armour Emporium.
 13317 | D:9      | Shot with an arrow by a centaur

Illustrated notes

Levels and vault maps discovered:
D:1:      scummos_arrival_checkerplants, layout_rooms
D:2:      layout_basic, ebering_ecumenical_altar_sacrificial
D:3:      layout_basic, uniq_grinder, uniq_natasha, uniq_jessica, uniq_terence
D:4:      layout_cave_pods, lightli_corner_chamber, uniq_robin
D:5:      layout_gridville, minmay_temple_entry_large_hall
D:6:      layout_layer_cave, uniq_edmund, uniq_blork_the_orc, uniq_maggie
D:7:      layout_basic, nzn_ghost_randoct
D:8:      cheibrodos_steamvent, layout_basic, gammafunk_ghost_abyssal_escape
D:9:      layout_loops_corners, dpeg_lair_monsters, david_orc_3, serial_shops,
          nicolae_square_shop, nicolae_shop_overcharged_wands, uniq_harold
Temple:   compressed_dpeg_triangle_lava_temple

Skill      XL: |  1  2  3  4  5  6  7  8  9 10 |
---------------+-------------------------------+-----
Evocations     | 1 2 3 4 5 |  5.0
Dodging        | 3 4 5 6 7 8 |  8.2
Stealth        | 3 4 5 6 8 |  8.7
Fighting       | 1 2 3 4 5 |  5.2
Conjurations   | 5 6 7 8 |  8.5
Spellcasting   | 4 5 6 8 |  8.9
Fire Magic     | 3 4 |  4.2

Action                   |  1- 3 |  4- 6 |  7- 9 | 10-12 || total
-------------------------+-------+-------+-------+-------++-------
Melee: Dagger            |       |     2 |       |       ||     2
 Cast: Magic Dart        |    66 |    55 |   228 |    55 ||   404
       Searing Ray       |     1 |     9 |    52 |    17 ||    79
       Iskenderun's Myst |       |       |       |     3 ||     3
       Fulminant Prism   |       |       |       |     1 ||     1
Evoke: Wand              |       |       |     1 |       ||     1
  Use: Scroll            |       |       |     7 |       ||     7
       Potion            |       |       |     6 |     2 ||     8
Armor: Robe              |     1 |     3 |    10 |       ||    14
       Steam dragon scal |       |       |    16 |     7 ||    23
Dodge: Dodged            |     3 |     9 |    82 |    17 ||   111

Table legend: (Time is in decaauts)
 A = Elapsed time spent in this place.
 B = Non-inter-level travel time spent in this place.
 C = Inter-level travel time spent in this place.
 D = Time resting spent in this place.
 E = Time spent auto-exploring this place.
 F = Levels seen in this place.
 G = Mean time per level.
                   A        B        C        D        E       F      G
               +--------+--------+--------+--------+--------+-----+--------+
         Total |  13321 |  12640 |    681 |    765 |  10305 |  10 | 1332.1 |
       Dungeon |  12879 |  12217 |    662 |    765 |   9903 |   9 | 1431.0 |
        Temple |    441 |    422 |     19 |      0 |    402 |   1 |  441.0 |
               +--------+--------+--------+--------+--------+-----+--------+

Top non-repeatable levels by time:
     D:6: 2352 daAuts
     D:5: 2014 daAuts
     D:3: 1802 daAuts
     D:9: 1466 daAuts
     D:8: 1415 daAuts
     D:4: 1398 daAuts
     D:7: 953 daAuts
     D:2: 774 daAuts
     D:1: 701 daAuts
  Temple: 441 daAuts
